 Dungeon Sprint DCSS version 0.26.1-11-gd32895ea62 (webtiles) character file.

Game seed: 1321744026378537670

2700000 Zeld the Conqueror (level 20, -45/216 HPs)
             Began as a Minotaur Monk on June 6, 2021.
             Was the Champion of Makhleb.
             Annihilated by a destroyer
             ... wielding a +9 vorpal great sword
              (224 damage)
             ... in the Dungeon (Sprint VIII: "Arena of Blood").
             The game lasted 00:00:40 (27 turns).

Zeld the Conqueror (Minotaur Monk)                    Turns: 27, Time: 00:00:42

Health: -45/216    AC:  3    Str: 23    XL:     20   Next: 67%
Magic:  18/30      EV: 32    Int:  7    God:    Makhleb [******]
Gold:   0          SH:  0    Dex: 15    Spells: 34/34 levels left

rFire    . . .     SeeInvis .   h - +∞ Axe of Woe
rCold    . . .     Faith    .   (shield currently unavailable)
rNeg     . . .     Spirit   .   a - +0 robe
rPois    .         Reflect  .   (helmet restricted)
rElec    .         Harm     .   (no cloak)
rCorr    .         Rampage  .   (no gloves)
Will     +....     NoTele   +   (no boots)
Stlth    +++++++++.             (no amulet)
HPRegen  0.46/turn              (no ring)
MPRegen  0.22/turn              (no ring)

@: no status effects
A: retaliatory headbutt, horns 2
a: Renounce Religion, Minor Destruction, Lesser Servant of Makhleb, Major
Destruction, Greater Servant of Makhleb


You were in the Dungeon.
You worshipped Makhleb.
Makhleb was exalted by your worship.
You visited 1 branch

Inventory:

Hand Weapons
 h - the +∞ Axe of Woe (weapon)
   (You found it in the Dungeon)
Armour
 a - a +0 robe (worn)
Scrolls
 g - a scroll of blinking
Potions
 b - a potion of curing
 c - a potion of heal wounds
 d - a potion of haste
 e - 2 potions of magic
 f - a potion of berserk rage


   Skills:
 O Level 27 Fighting
 + Level 11.8(13.6) Short Blades
 + Level 12.7(14.7) Long Blades
 O Level 27 Axes
 + Level 12.7(22.4) Maces & Flails
 + Level 12.7(22.4) Polearms
 + Level 12.7(16.4) Staves
 + Level 11.8(13.7) Slings
 + Level 11.8 Bows
 + Level 11.8 Crossbows
 + Level 10.9(12.7) Throwing
 + Level 12.7 Armour
 O Level 27 Dodging
 O Level 27 Stealth
 + Level 12.7 Shields
 O Level 27 Unarmed Combat
 + Level 7.7 Spellcasting
 + Level 8.5 Conjurations
 + Level 7.7 Hexes
 + Level 8.5 Summonings
 + Level 8.5 Necromancy
 + Level 8.5 Translocations
 + Level 9.3 Transmutations
 + Level 8.5 Fire Magic
 + Level 8.5 Ice Magic
 + Level 8.5 Air Magic
 + Level 9.3 Earth Magic
 + Level 8.5 Poison Magic
 + Level 10.9 Invocations
 + Level 10.1 Evocations


You had 34 spell levels left.
You didn't know any spells.
Your spell library was empty.

Dungeon Overview and Level Annotations

Branches:
Dungeon (1/1)

Altars:
Makhleb


Innate Abilities, Weirdness & Mutations

You reflexively headbutt those who attack you in melee.
You have a pair of horns on your head.


Message History

Your Translocations skill increases to level 8!
Your Transmutations skill increases to level 9!
Your Fire Magic skill increases to level 8!
Your Ice Magic skill increases to level 8!
Your Air Magic skill increases to level 8!
Your Earth Magic skill increases to level 9!
Your Poison Magic skill increases to level 8!
Your Evocations skill increases to level 10!
You hear a shout! x6
A destroyer comes into view. It is wielding a +9 vorpal great sword.
A bag of meat comes into view. It is wielding a +9 war axe.
The destroyer blinks!
Items here: )) == †.
You hear a shout! x12
A destroyer comes into view. It is wielding a +9 vorpal great sword.
You hear a shout!
A large bag of meat comes into view. It is wielding a +9 giant spiked club.
The destroyer hits you with a +9 vorpal great sword!!!!!
Ouch! That really hurt!
You die...

.. .... .....
..o #... ..# .
#... ..# .
..###... ..###..
......###O......
....O§._.V......
#..)@.# #_)§§_#
#.§°§.#
.......§§§.....
.......###O.....
..###... ..###.
. #... ..# #...
.V# ..... ..


You could see 2 destroyers, a large bag of meat (wandering, inner flame), 2 meat
berserkers and a bag of meat (wandering).

Vanquished Creatures
  8 ogres (D)
  A two-headed ogre (D)
  11 orcs (D)
20 creatures vanquished.

Notes
Turn   | Place    | Note
-------+----------+-------------------------------------------
     0 | D        | Found the +∞ Axe of Woe
     0 | D        | Zeld the Minotaur Monk began the quest for the Orb.
     0 | D        | Reached XP level 1. HP: 19/19 MP: 0/0
     3 | D        | Noticed a bag of meat
     4 | D        | Became a worshipper of Makhleb the Destroyer
     4 | D        | Reached * piety under Makhleb
     4 | D        | Reached ** piety under Makhleb
     6 | D        | Killed a bag of meat
     7 | D        | Reached XP level 2. HP: 53/53 MP: 1/1
     7 | D        | Reached XP level 3. HP: 61/61 MP: 2/2
     7 | D        | Reached XP level 4. HP: 69/69 MP: 3/3
     7 | D        | Reached XP level 5. HP: 75/75 MP: 4/4
     7 | D        | Reached XP level 6. HP: 84/84 MP: 5/5
     7 | D        | Reached XP level 7. HP: 91/91 MP: 6/6
     7 | D        | Reached XP level 8. HP: 99/99 MP: 7/7
     7 | D        | Reached XP level 9. HP: 106/106 MP: 8/8
     7 | D        | Reached XP level 10. HP: 114/114 MP: 9/9
     7 | D        | Reached XP level 11. HP: 121/121 MP: 10/10
     7 | D        | Noticed a meat berserker
     8 | D        | Noticed a bag of meat
     9 | D        | Noticed a meat berserker
     9 | D        | Noticed a meat berserker
    10 | D        | Noticed a meat berserker
    11 | D        | Killed a meat berserker
    11 | D        | Noticed a meat berserker
    12 | D        | Reached XP level 12. HP: 30/140 MP: 11/11
    12 | D        | Reached XP level 13. HP: 31/148 MP: 12/12
    12 | D        | Killed a meat berserker
    12 | D        | Reached *** piety under Makhleb
    12 | D        | Killed a bag of meat
    12 | D        | Noticed a meat berserker
    12 | D        | Noticed a bag of meat
    12 | D        | Noticed a bag of meat
    13 | D        | Reached skill level 10 in Axes
    13 | D        | Reached XP level 14. HP: 98/166 MP: 13/13
    13 | D        | Reached XP level 15. HP: 102/173 MP: 14/14
    13 | D        | Killed a meat berserker
    13 | D        | Killed a meat berserker
    13 | D        | Noticed a meat berserker
    14 | D        | Reached skill level 27 in Fighting
    14 | D        | Reached skill level 27 in Dodging
    14 | D        | Reached skill level 27 in Unarmed Combat
    14 | D        | Reached XP level 16. HP: 108/183 MP: 15/15
    15 | D        | Killed a meat berserker
    15 | D        | Reached **** piety under Makhleb
    15 | D        | Killed a meat berserker
    15 | D        | Noticed a meat berserker
    16 | D        | Reached skill level 27 in Axes
    16 | D        | Reached XP level 17. HP: 176/191 MP: 16/16
    17 | D        | Reached ***** piety under Makhleb
    18 | D        | Reached skill level 27 in Stealth
    18 | D        | Reached XP level 18. HP: 200/200 MP: 17/17
    18 | D        | Killed a meat berserker
    19 | D        | Reached skill level 5 in Short Blades
    19 | D        | Reached skill level 5 in Slings
    19 | D        | Reached skill level 5 in Bows
    19 | D        | Reached skill level 5 in Crossbows
    19 | D        | Reached skill level 5 in Throwing
    19 | D        | Reached skill level 5 in Invocations
    19 | D        | Noticed a large bag of meat
    20 | D        | Reached skill level 5 in Transmutations
    20 | D        | Reached skill level 5 in Earth Magic
    20 | D        | Reached skill level 5 in Evocations
    20 | D        | Reached XP level 19. HP: 207/207 MP: 17/24
    20 | D        | Noticed a destroyer
    21 | D        | Reached skill level 5 in Conjurations
    21 | D        | Reached skill level 5 in Summonings
    21 | D        | Reached skill level 5 in Necromancy
    21 | D        | Reached skill level 5 in Translocations
    21 | D        | Reached skill level 5 in Fire Magic
    21 | D        | Reached skill level 5 in Ice Magic
    21 | D        | Reached skill level 5 in Air Magic
    21 | D        | Reached skill level 5 in Poison Magic
    21 | D        | Killed a meat berserker
    22 | D        | Reached skill level 10 in Long Blades
    22 | D        | Reached skill level 10 in Maces & Flails
    22 | D        | Reached skill level 10 in Polearms
    22 | D        | Reached skill level 10 in Staves
    22 | D        | Reached skill level 10 in Armour
    22 | D        | Reached skill level 10 in Shields
    23 | D        | Reached skill level 10 in Short Blades
    23 | D        | Reached skill level 10 in Slings
    23 | D        | Reached skill level 10 in Bows
    23 | D        | Reached skill level 10 in Crossbows
    23 | D        | Reached XP level 20. HP: 216/216 MP: 17/28
    23 | D        | Reached ****** piety under Makhleb
    24 | D        | Reached skill level 10 in Throwing
    24 | D        | Reached skill level 10 in Invocations
    24 | D        | Noticed a meat berserker
    24 | D        | Noticed a meat berserker
    25 | D        | Killed a large bag of meat
    26 | D        | Reached skill level 10 in Evocations
    26 | D        | Noticed a destroyer
    27 | D        | Noticed a destroyer
    27 | D        | Noticed a large bag of meat
    27 | D        | Annihilated by a destroyer

Illustrated notes

Levels and vault maps discovered:
D:        meatsprint

Skill      XL: |  1  2  3  4  5  6  7  8  9 10 11 12 13 14 15 16 17 18 19 20 |
---------------+-------------------------------------------------------------+-----
Fighting       | 18 23 26 27 | 27.0
Dodging        | 17 21 25 27 | 27.0
Stealth        | 6 8 9 13 23 27 | 27.0
Unarmed Combat | 17 21 24 27 | 27.0
Axes           | 4 10 22 27 | 27.0
Short Blades   | 6 10 11 | 11.8
Long Blades    | 7 10 12 | 12.7
Maces & Flails | 7 10 12 | 12.7
Polearms       | 7 10 12 | 12.7
Staves         | 7 10 12 | 12.7
Slings         | 6 10 11 | 11.8
Bows           | 6 10 11 | 11.8
Crossbows      | 6 10 11 | 11.8
Throwing       | 6 9 10 | 10.9
Armour         | 7 10 12 | 12.7
Shields        | 7 10 12 | 12.7
Spellcasting   | 4 6 7 |  7.7
Conjurations   | 4 7 8 |  8.5
Hexes          | 4 6 7 |  7.7
Summonings     | 4 7 8 |  8.5
Necromancy     | 4 7 8 |  8.5
Translocations | 4 7 8 |  8.5
Transmutations | 5 7 9 |  9.3
Fire Magic     | 4 7 8 |  8.5
Ice Magic      | 4 7 8 |  8.5
Air Magic      | 4 7 8 |  8.5
Earth Magic    | 5 7 9 |  9.3
Poison Magic   | 4 7 8 |  8.5
Invocations    | 6 9 10 | 10.9
Evocations     | 5 8 10 | 10.1

Action                   |  1- 3 |  4- 6 |  7- 9 | 10-12 | 13-15 | 16-18 | 19-21 || total
-------------------------+-------+-------+-------+-------+-------+-------+-------++-------
Melee: Executioner's axe |     1 |       |       |     1 |     2 |     4 |     5 ||    13
Dodge: Dodged            |       |       |       |       |     1 |       |       ||     1
